 Dungeon Crawl Stone Soup version 0.20-a0-222-gb69ddcd (webtiles) character file.

892 patrickswayze the Covert (level 7, 0/40 HPs)
             Began as a Deep Elf Chaos Knight on Nov 30, 2016.
             Succumbed to a scorpion's poison
             ... on level 5 of the Dungeon.
             The game lasted 00:07:21 (2937 turns).

patrickswayze the Covert (Deep Elf Chaos Knight)    Turns: 2937, Time: 00:07:22

Health: 0/40       AC:  7    Str:  7 (9)  XL:     7   Next: 78%
Magic:  9/9        EV: 12    Int: 14 (17) God:    Xom [...*..]
Gold:   198        SH:  0    Dex: 15 (16) Spells: 6/6 levels left

rFire  x x .     SeeInvis .     k - +7 Singing Sword
rCold  + + .     Gourm    .     b - +2 leather armour
rNeg   . . .     Faith    .     (no shield)
rPois  .         Spirit   .     r - +0 hat
rElec  +         Reflect  .     (no cloak)
rCorr  .         Harm     .     (no gloves)
MR     .....                    (no boots)
Stlth  +++++.....               (no amulet)
                                w - ring of ice
                                l - ring of ice

@: lethally poisoned (0 -> -16)
A: antennae 1, yellow scales 1, electricity resistance, wild magic 1
a: Renounce Religion


You were on level 5 of the Dungeon.
You worshipped Xom.
You were a favourite toy of Xom.
You were near starving.

You visited 1 branch of the dungeon, and saw 5 of its levels.

You collected 198 gold pieces.


Innate Abilities, Weirdness & Mutations

You have a pair of small antennae on your head.
You are partially covered in yellow scales. (AC +2)
You are resistant to electric shocks. (rElec)
Your spells are a little harder to cast, but a little more powerful.


   Skills:
 - Level 2.4 Fighting
 - Level 3.0 Short Blades
 - Level 0.7 Armour
 - Level 2.4 Dodging
 + Level 11.3 Stealth


You had 6 spell levels left.
You didn't know any spells.

Inventory:

Hand Weapons
 a - a +0 short sword of chaos
 k - the +7 Singing Sword (weapon)
   (You found it on level 5 of the Dungeon)
Armour
 b - a +2 leather armour (worn)
 r - a +0 hat (worn)
Jewellery
 l - a ring of ice (left hand)
 m - an uncursed ring of protection from magic
 w - a ring of ice (right hand)
Wands
 j - a wand of flame (0/48)
 t - a wand of digging (15/24)
Scrolls
 h - a scroll of blinking
 o - 2 scrolls of fear
Miscellaneous
 p - a box of beasts
Comestibles
 c - 3 bread rations
 g - 3 beef jerkies
 i - 3 fruits
 q - 4 meat rations


Message History

Unknown command.
You closely miss the scorpion.
The scorpion is almost dead.
* * * LOW HITPOINT WARNING * * *
You feel sick. The scorpion closely misses you.
The jackal bites the fungus.
The scorpion stings you.
* * * LOW HITPOINT WARNING * * *
You are more poisoned.
The scorpion poisons you!
The jackal bites the fungus.
You slash the scorpion!
You kill the scorpion!
* * * LOW HITPOINT WARNING * * *
You feel very sick.
The jackal bites you but does no damage.
You slash the jackal!
You kill the jackal!
* * * LOW HITPOINT WARNING * * *
You feel sick.
You die...
Xom chuckles heartily!

. #. { #^#
## #####
#..##.
#...#
#P.#%##.###
#.^P@#..)#
#?PP.#...#
##..%....#
##...^####
#)^..^..#
#...%^.P#
#.#.P^P.^#
####.%..##
#%.^##


There were no monsters in sight!

Vanquished Creatures
  Sigmund (D:2)
  An ice beast (D:4)
  An ogre (D:4)
  5 scorpions (D:5)
  A hound (D:4)
  Jessica (D:2)
  Ijyb (D:3)
  Natasha (thrice) (D:2)
  10 adders
  3 oozes
  A worm (D:2)
  4 dart slugs
  A leopard gecko (D:1)
  3 orcs (D:3)
  2 ball pythons
  2 giant cockroaches
  8 goblins
  6 hobgoblins
  A jackal (D:5)
  3 kobolds
  A quokka (D:3)
  12 bats
  2 frilled lizards
  11 rats
84 creatures vanquished.

Vanquished Creatures (others)
  A fungus (D:5)
1 creature vanquished.

Grand Total: 85 creatures vanquished

Notes
Turn   | Place    | Note
-------+----------+-------------------------------------------
     0 | D:1      | patrickswayze the Deep Elf Chaos Knight began the quest for the Orb.
     0 | D:1      | Reached XP level 1. HP: 13/13 MP: 3/3
     6 | D:1      | XOM: potion effect (might)
     7 | D:1      | Reached skill level 1 in Stealth
    18 | D:1      | Reached skill level 2 in Stealth
    34 | D:1      | Reached XP level 2. HP: 12/18 MP: 4/4
    39 | D:1      | XOM: harmless Divn miscast
   203 | D:1      | Reached skill level 3 in Stealth
   351 | D:1      | Reached XP level 3. HP: 19/22 MP: 5/5
   452 | D:1      | XOM: silly message
   480 | D:1      | XOM: silly message
   627 | D:1      | XOM: harmless Pois miscast
   710 | D:1      | Reached skill level 4 in Stealth
   852 | D:2      | Noticed Natasha
   879 | D:2      | Killed Natasha
   879 | D:2      | Reached skill level 5 in Stealth
   879 | D:2      | Reached XP level 4. HP: 27/27 MP: 6/6
   918 | D:2      | Noticed Natasha
   931 | D:2      | Killed Natasha
   952 | D:2      | Noticed Sigmund
   953 | D:2      | Noticed Jessica
   953 | D:2      | Noticed Natasha
   955 | D:2      | XOM: potion effect (agility)
   958 | D:2      | XOM: noise
  1067 | D:2      | Killed Jessica
  1067 | D:2      | Reached skill level 6 in Stealth
  1067 | D:2      | Reached XP level 5. HP: 31/31 MP: 7/7
  1121 | D:2      | XOM: summons friendly iron imp
  1141 | D:1      | HP: 6/31 [adder (4)]
  1211 | D:1      | XOM: mild Divn miscast
  1425 | D:2      | Killed Natasha
  1701 | D:2      | XOM: confuse monster(s)
  1707 | D:2      | Killed Sigmund
  1707 | D:2      | Reached skill level 8 in Stealth
  1707 | D:2      | Reached XP level 6. HP: 27/36 MP: 8/8
  1866 | D:2      | XOM: give mutations
  1866 | D:2      | Gained mutation: You are partially covered in yellow scales. (AC +2) [Xom's grace]
  1866 | D:2      | Gained mutation: You are resistant to electric shocks. (rElec) [Xom's grace]
  1866 | D:2      | Gained mutation: You have a pair of small antennae on your head. [Xom's grace]
  1866 | D:2      | Gained mutation: Your spells are a little harder to cast, but a little more powerful. [Xom's grace]
  1884 | D:2      | XOM: god gift: box of beasts
  1963 | D:3      | Noticed Terence
  1976 | D:3      | XOM: fog
  1979 | D:3      | Noticed Ijyb
  1980 | D:3      | XOM: confuse monster(s)
  1981 | D:3      | Noticed Terence
  1981 | D:3      | Terence changed into Terence the orc
  1981 | D:3      | XOM: polymorph Terence -> Terence the orc
  1982 | D:3      | Killed Terence the orc
  1997 | D:3      | Killed Ijyb
  2140 | D:3      | XOM: enchant monster (good)
  2146 | D:3      | Reached skill level 9 in Stealth
  2229 | D:3      | XOM: god gift: scroll labeled NIBRAD GIEFE {god gift}
  2450 | D:4      | XOM: silly message
  2459 | D:4      | XOM: confuse monster(s)
  2466 | D:4      | Reached XP level 7. HP: 31/40 MP: 9/9
  2516 | D:4      | HP: 8/40 [something (4)]
  2586 | D:4      | XOM: summons friendly crimson imp
  2625 | D:4      | Reached skill level 10 in Stealth
  2644 | D:4      | Noticed Eustachio
  2694 | D:4      | XOM: god gift: 3 meat rations
  2821 | D:4      | You fall through a shaft!
  2821 | D:5      | Entered Level 5 of the Dungeon
  2832 | D:5      | XOM: confuse monster(s)
  2914 | D:5      | Reached skill level 11 in Stealth
  2925 | D:5      | HP: 8/40 [poisoned by a scorpion]
  2934 | D:5      | HP: 7/40 [poisoned by a scorpion]
  2935 | D:5      | HP: 3/40 [poisoned by a scorpion]
  2936 | D:5      | HP: 1/40 [poisoned by a scorpion]
  2937 | D:5      | Succumbed to a scorpion's poison

Vault maps used:
D:1:      dpeg_arrival_ratfight, moated_statue
D:2:      minmay_tetromino_t2, uniq_jessica, uniq_natasha, uniq_sigmund
D:3:      uniq_iyjb, uniq_terence
D:4:      serial_shops, kennysheep_mini, first_bread, uniq_eustachio,
          uniq_blork_the_orc, uniq_edmund
D:5:      old_forge, marbit_many_paths, st_stairs_13, kennysheep_small_circle,
          uniq_menkaure, uniq_duvessa, uniq_grinder

Action                   |  1- 3 |  4- 6 |  7- 9 || total
-------------------------+-------+-------+-------++-------
Melee: Short sword       |    72 |   130 |    29 ||   231
       Double sword      |       |       |    18 ||    18
Evoke: Wand              |       |     1 |     2 ||     3
       Box of beasts     |       |       |     1 ||     1
  Use: Scroll            |     2 |     8 |       ||    10
       Potion            |     1 |     3 |     6 ||    10
 Stab: Sleeping          |    12 |     7 |     3 ||    22
       Confused          |     1 |     3 |     1 ||     5
       Petrified         |       |     2 |       ||     2
       Petrifying        |       |     1 |       ||     1
  Eat: Chunk             |       |     5 |       ||     5
Armor: Leather armour    |    13 |    34 |    30 ||    77
       Skin              |       |       |     1 ||     1
Dodge: Dodged            |    30 |   106 |    41 ||   177
       Rpst.: Double sword |       |       |     6 ||     6
